 Dungeon Crawl Stone Soup version 0.31-a0-1074-g0b22e4e0f1 (webtiles) character file.

Game seed: 9353615069501386172

453 bmb222 the Shooter (level 6, -2/48 HPs)
             Began as a Demonspawn Hunter on Nov 29, 2023.
             Slain by a gnoll sergeant
             ... wielding a +2 trident of flaming
              (12 damage)
             ... on level 5 of the Dungeon.
             The game lasted 00:07:26 (5076 turns).

bmb222 the Shooter (Demonspawn Hunter)              Turns: 5076, Time: 00:07:26

Health: -2/48      AC:  5    Str: 11    XL:     6   Next: 75%
Magic:  6/6        EV: 12    Int: 11    God:
Gold:   238        SH:  0    Dex: 18    Spells: 5/5 levels left

rFire   . . .        a - +0 shortbow
rCold   . . .        (shield currently unavailable)
rNeg    . . .        c - +0 leather armour
rPois   .            (no helmet)
rElec   .            m - +0 cloak
rCorr   .            (no gloves)
SInv    .            (no boots)
Will    .....        (no amulet)
Stlth   ++           (no ring)
HPRegen 0.28/turn    (no ring)
MPRegen 0.10/turn

%: no passive effects
@: no status effects
A: claws 1, rugged brown scales 1
a: no special abilities


You were on level 5 of the Dungeon.
You visited 1 branch of the dungeon, and saw 5 of its levels.

You collected 238 gold pieces.

Inventory:

Hand Weapons
 a - a +0 shortbow (weapon)
Armour
 c - a +0 leather armour (worn)
 m - a +0 cloak (worn)
 n - a +0 chain mail
Wands
 o - a wand of mindburst (11)
Scrolls
 d - a scroll of noise
 f - a scroll of identify
 k - a scroll of immolation
Potions
 b - a potion of berserk rage {unknown}
 e - 4 potions of heal wounds {unknown}
 g - a potion of mutation {unknown}
 h - a potion of degeneration {unknown}
 i - a potion of curing {unknown}
 j - a potion of lignification {unknown}


   Skills:
 + Level 3.1 Fighting
 * Level 6.3 Ranged Weapons
 * Level 2.2 Armour
 + Level 2.0 Dodging
 + Level 1.6 Stealth
 + Level 0.4 Evocations


You had 5 spell levels left.
You didn't know any spells.
Your spell library was empty.

Dungeon Overview and Level Annotations

Branches:
Dungeon (5/15)
 Temple: D:4-7

Altars:
Gozag
Qazlal


Innate Abilities, Weirdness & Mutations

You have sharp fingernails.
You are partially covered in rugged brown scales. (AC +1, +3% HP)


Message History

Your Armour skill increases to level 2!
You shoot an arrow.
The arrow closely misses the gnoll sergeant.
A gnoll comes into view. It is wielding a +0 halberd.
The gnoll sergeant attacks as it pursues you!
The gnoll sergeant misses you.
The gnoll sergeant attacks as it pursues you!
The gnoll sergeant hits you from afar with a +2 trident of flaming.
The gnoll sergeant burns you.
There is a stone staircase leading up here.
You shoot an arrow. The gnoll shouts!
The arrow hits the gnoll sergeant.
The gnoll sergeant is moderately wounded.
The gnoll sergeant hits you from afar with a +2 trident of flaming!
The gnoll sergeant burns you.
You shoot an arrow.
The arrow hits the gnoll sergeant but does no damage.
The gnoll sergeant is moderately wounded.
The gnoll sergeant hits you from afar with a +2 trident of flaming!
The gnoll sergeant burns you.
You shoot an arrow.
The arrow closely misses the gnoll sergeant.
The arrow hits the gnoll.
The gnoll is lightly wounded.
The gnoll sergeant barely misses you.
A gnoll comes into view. It is wielding a +0 whip.
A gnoll comes into view. It is wielding a +0 club.
The gnoll sergeant closely misses you.
The gnoll moves out of view. x2
You shoot an arrow.
The arrow barely misses the gnoll sergeant.
The arrow closely misses the gnoll. x2; The arrow hits the gnoll.
The gnoll is moderately wounded.
The gnoll sergeant hits you from afar with a +2 trident of flaming!
* * * LOW HITPOINT WARNING * * *
The gnoll sergeant burns you.
* * * LOW HITPOINT WARNING * * *
The gnoll shouts!
The gnoll sergeant hits you from afar with a +2 trident of flaming!
You die...

#####..######.
#......g......
#.####g#######
#.# #g# #g#
#g# #.# #@#
#######.######
#............#
#._..........#
#............#
###.......(..#
#..........#
############


You could see a gnoll sergeant and 4 gnolls.

Vanquished Creatures
  A black bear (D:4)
  A scorpion (D:4)
  A jelly (D:5)
  2 hounds (D:4)
  Ijyb (D:4)
  Natasha (D:2)
  An orc wizard (D:3)
  4 adders
  A white imp (D:5)
  2 worms (D:2)
  A dart slug (D:1)
  6 orcs
  6 ball pythons
  6 endoplasms
  8 goblins
  10 hobgoblins
  5 jackals
  6 kobolds
  3 quokkas
  11 bats
  2 frilled lizards
  3 rats
82 creatures vanquished.

Notes
Turn   | Place    | Note
-------+----------+-------------------------------------------
     0 | D:1      | bmb222 the Demonspawn Hunter began the quest for the Orb.
     0 | D:1      | Reached XP level 1. HP: 16/16 MP: 1/1
    38 | D:1      | Reached skill level 4 in Ranged Weapons
    38 | D:1      | Gained mutation: You have sharp fingernails. [demonic
                  | ancestry]
    38 | D:1      | Reached XP level 2. HP: 3/22 MP: 2/2
   827 | D:1      | Gained mutation: You are partially covered in rugged brown
                  | scales. (AC +1, +3% HP) [demonic ancestry]
   827 | D:1      | Reached XP level 3. HP: 22/27 MP: 3/3
  1351 | D:2      | Found a stormy altar of Qazlal.
  1676 | D:2      | Noticed Natasha
  1685 | D:2      | Killed Natasha
  1686 | D:2      | Reached XP level 4. HP: 10/35 MP: 4/4
  2030 | D:2      | Reached skill level 5 in Ranged Weapons
  2748 | D:3      | Reached XP level 5. HP: 19/41 MP: 5/5
  3494 | D:4      | Noticed Ijyb
  3506 | D:4      | Killed Ijyb
  3595 | D:4      | Reached skill level 1 in Armour
  3794 | D:4      | Noticed a black bear
  4426 | D:5      | Entered Level 5 of the Dungeon
  4433 | D:5      | Noticed a black bear
  4592 | D:4      | Killed a black bear
  4593 | D:4      | Reached skill level 6 in Ranged Weapons
  4593 | D:4      | Reached skill level 1 in Stealth
  4593 | D:4      | Reached XP level 6. HP: 48/48 MP: 6/6
  4975 | D:5      | Noticed an ice beast
  4979 | D:5      | Noticed a water moccasin
  5011 | D:5      | Found an opulent altar of Gozag.
  5076 | D:5      | Slain by a gnoll sergeant

Illustrated notes

Levels and vault maps discovered:
D:1:      erik_arrival_cave_to_civilisation [erik_arrival_cave_to_hall],
          layout_basic
D:2:      layout_basic, basic_altar, st_stairs_10, minmay_misc_feat_ornament,
          uniq_natasha
D:3:      layout_basic, nicolae_hexahallways, nicolae_underground_beach
D:4:      layout_basic, minivault_19, reono_crystal_passage, uniq_ijyb
D:5:      layout_rooms, nicolae_gozag_seed_capital,
          mainiacjoe_overflow_divided_tiny, nrook_campfire,
          kennysheep_generic_room_12

Skill      XL: |  1  2  3  4  5  6 |
---------------+-------------------+-----
Ranged Weapons | 4 5 6 |  6.3
Fighting       | 3 |  3.1
Armour         | 1 2 |  2.2
Stealth        | 1 |  1.6
Dodging        | 2 |  2.0
Evocations     | |  0.4

Action                     |  1- 3 |  4- 6 || total
---------------------------+-------+-------++-------
   Fire: Shortbow          |   120 |   174 ||   294
  Evoke: Wand              |       |     5 ||     5
    Use: Scroll            |       |     7 ||     7
 Armour: Leather armour    |    41 |    55 ||    96
  Dodge: Dodged            |    46 |    63 ||   109

Table legend: (Time is in decaauts)
 A = Elapsed time spent in this place.
 B = Non-inter-level travel time spent in this place.
 C = Inter-level travel time spent in this place.
 D = Time resting spent in this place.
 E = Time spent auto-exploring this place.
 F = Levels seen in this place.
 G = Mean time per level.
                   A        B        C        D        E       F      G
               +--------+--------+--------+--------+--------+-----+--------+
         Total |   5148 |   4883 |    265 |   1026 |   2907 |   5 | 1029.6 |
       Dungeon |   5148 |   4883 |    265 |   1026 |   2907 |   5 | 1029.6 |
               +--------+--------+--------+--------+--------+-----+--------+

Top non-repeatable levels by time:
     D:4: 1539 daAuts
     D:2: 1477 daAuts
     D:1: 1229 daAuts
     D:3: 814 daAuts
     D:5: 86 daAuts
